 Dungeon Crawl Stone Soup version 0.32-a0-909-gc671339a80 (webtiles) character file.

Game seed: 6638350180990988712

590 adelrune the Insei (level 7, -4/52 HPs)
             Began as a Merfolk Shapeshifter on Apr 6, 2024.
             Was an Initiate of Cheibriados.
             Killed from afar by a white imp (10 damage)
             ... with a puff of frost
             ... on level 5 of the Dungeon.
             The game lasted 00:08:27 (4554 turns).

adelrune the Insei (Merfolk Shapeshifter)           Turns: 4554, Time: 00:08:27

Health: -4/52      AC: -3    Str: 15    XL:     7   Next: 39%
Magic:  7/7        EV: 12    Int: 10    God:    Cheibriados [......]
Gold:   168        SH:  0    Dex: 20    Spells: 5/6 levels left

rFire   + .          .
                       - Unarmed
rCold   . . .        (no shield)
rNeg    . . .        f - +0 ring mail
rPois   .            (helmet currently unavailable)
rElec   .            (cloak currently unavailable)
rCorr   .            (gloves currently unavailable)
SInv    .            (boots currently unavailable)
Will    .....        (no amulet)
Stlth   +            t - ring "Wytog" {rF+ Dex+3}
HPRegen 0.28/turn    (no ring)
MPRegen 0.10/turn

%: no passive effects
@: beast-form, corroded, very slow
A: beast (slay +3), (nimble swimmer 2), mertail
a: Begin Untransformation, Renounce Religion


You were on level 5 of the Dungeon.
You worshipped Cheibriados.
Cheibriados was noncommittal.
You were a hulking beast.
You visited 2 branches of the dungeon, and saw 7 of its levels.

You collected 246 gold pieces.
You spent 78 gold pieces at shops.

Inventory:

Armour
 a - a +0 animal skin
 f - a +0 ring mail (worn)
 h - a +0 pair of boots
 v - a +0 cloak
Jewellery
 t - the ring "Wytog" (left hand) {rF+ Dex+3}
   (You found it on level 4 of the Dungeon)

   [ring of protection from fire]

   Dex+3:     It affects your dexterity (+3).
   rF+:       It protects you from fire.
Talismans
 c - a beast talisman (active)
 d - a flux talisman
Wands
 r - a wand of flame (14)
Scrolls
 e - 2 scrolls of blinking
 g - a scroll of fear {unknown}
 i - a scroll of teleportation {unknown}
 j - 2 scrolls of fog
 k - a scroll of enchant armour {unknown}
 n - 3 scrolls of torment
 q - a scroll of revelation {unknown}
 s - a scroll of vulnerability {unknown}
 w - a scroll of noise {unknown}
Potions
 b - a potion of degeneration {unknown}
 l - a potion of haste {unknown}
 m - 2 potions of might
 o - a potion of resistance {unknown}
 p - 4 potions of curing
 u - a potion of lignification
 x - 2 potions of enlightenment {unknown}


   Skills:
 + Level 3.5 Fighting
 + Level 4.9 Dodging
 * Level 6.0 Unarmed Combat
 + Level 2.1 Summonings
 + Level 0.8 Invocations
 + Level 5.5 Shapeshifting


You had 5 spell levels left.
You knew the following spells:

 Your Spells              Type           Power      Damage    Failure   Level
a - Summon Small Mammal   Summ           16%        N/A       32%         1

Your spell library contained the following spells:

 Spells                   Type           Power      Damage    Failure   Level
 Apportation              Tloc           0%         N/A       58%         1
 Necrotise                Necr           0%         1d4       58%         1
 Sting                    Conj/Alch      0%         1d3       58%         1


Dungeon Overview and Level Annotations

Branches:
Dungeon (6/15)             Temple (1/1) D:5

Altars:
Ashenzari
Cheibriados
Dithmenos
Elyvilon
Fedhas
Gozag
Hepliaklqana
Kikubaaqudgha
Makhleb
Nemelex Xobeh
Okawaru
Qazlal
Sif Muna
Trog
Uskayaw
Vehumet
Xom
Yredelemnul
Zin

Shops:
D:3 ?


Innate Abilities, Weirdness & Mutations

You are a hulking beast.
Your limbs bulge with bestial killing power. (Slay +3)
((You are very nimble when in or above water. (Stealth+, EV+, Speed+++)))
Your lower body shifts to a powerful aquatic tail in water.


Message History

You hear the sound of rushing water.
There is an entrance to a sewer on this level.
Hurry and find it before the portal rusts away!
You hear the slow rusting of a very distant drain.
There is a stone staircase leading up here.
A jelly comes into view.
The jelly quivers.
There is a stone staircase leading up here.
The white imp closely misses you. The jelly hits you but does no damage.
You climb upwards.
There is a stone staircase leading down here.
You hit the jelly.
Your hands burn!
The jelly is moderately wounded.
The white imp hits you. The white imp freezes you.
The jelly hits you but does no damage.
You punch the jelly!
Your hands burn!
The jelly is severely wounded.
The white imp hits you. The white imp freezes you.
The jelly completely misses you.
You hit the jelly but do no damage. The acid corrodes you!
Your hands burn!
The jelly is severely wounded.
The white imp hits you. The white imp freezes you.
You hit the jelly. The acid corrodes you!
Your hands burn!
You punch the jelly.
You kill the jelly!
Cheibriados appreciates the change of pace.
Your Unarmed Combat skill increases to level 6!
You hit the white imp.
The white imp is heavily wounded.
The white imp hits you. The white imp freezes you.
* * * LOW HITPOINT WARNING * * *
You hit the white imp but do no damage.
The white imp is heavily wounded.
The white imp gestures at you. The puff of frost hits you!
* * * LOW HITPOINT WARNING * * *
You closely miss the white imp.
The white imp is heavily wounded.
The white imp gestures at you. The puff of frost hits you!
You die...
Cheibriados appreciates the motionlessness of death.

##.......)..........# #.#.....
##............(.....######.......
##....................)..........
##............###########..#.....
#...[...........######...#######
##............##.........)# #...
........ß⌠.....#..........# #.##
######...........5........####)#
### #..ß⌠.>...#h..............##
..# #.........#.########......#.
#.# #..ß⌠.....#.# #.)....#. #[#
##........#.###### #......#. #.#
#####...........# #......#.
#.#########.#########.###......#.
#...........# #.#....###.#.
#.########### #.#....# #.#.
......# #.#....###.#.


You could see a white imp.

Vanquished Creatures
  A scorpion (D:4)
  A bombardier beetle (D:5)
  3 hounds
  An orc priest (D:5)
  A jelly (D:5)
  A sleepcap (D:5)
  Natasha (D:4)
  An iguana (D:4)
  2 orc wizards
  A gnoll (D:1)
  11 adders
  2 white imps (D:5)
  A dart slug (D:4)
  A ribbon worm (D:2)
  18 orcs
  A bat (D:2)
  4 endoplasms
  2 giant cockroaches (D:4)
  5 goblins
  3 hobgoblins (D:4)
  11 jackals
  3 quokkas (D:4)
  6 ball pythons
  3 frilled lizards
  2 kobolds (D:3)
  5 rats
91 creatures vanquished.

Notes
Turn   | Place    | Note
-------+----------+-------------------------------------------
     0 | D:1      | adelrune the Merfolk Shapeshifter began the quest for the
                  | Orb.
     0 | D:1      | Reached XP level 1. HP: 15/15 MP: 1/1
    26 | D:1      | Reached XP level 2. HP: 6/21 MP: 2/2
   799 | D:2      | Reached XP level 3. HP: 23/26 MP: 3/3
   815 | D:2      | HP: 2/40 [poisoned by an adder]
   817 | D:2      | Reached skill level 4 in Unarmed Combat
   975 | D:2      | Reached XP level 4. HP: 33/33 MP: 4/4
  1768 | D:3      | Reached XP level 5. HP: 5/39 MP: 5/5
  1908 | D:3      | Learned a level 1 spell: Summon Small Mammal
  1958 | D:3      | Found The Oracle's Delphic Readings.
  1981 | D:3      | Bought a scroll of fog for 52 gold pieces
  1981 | D:3      | Bought a scroll of identify for 26 gold pieces
  2491 | D:4      | Reached skill level 5 in Unarmed Combat
  2617 | D:4      | Reached skill level 1 in Summonings
  2617 | D:4      | Reached skill level 5 in Shapeshifting
  2617 | D:4      | Reached XP level 6. HP: 45/46 MP: 6/6
  2664 | D:4      | Identified the ring "Wytog" {rF+ Dex+3}
  2912 | D:4      | Noticed Natasha
  2925 | D:4      | Killed Natasha
  3205 | D:5      | Entered Level 5 of the Dungeon
  3402 | D:5      | Identified the +1 sling "Soefoy" {heavy, rN++}
  3598 | D:5      | Reached XP level 7. HP: 35/52 MP: 7/7
  3683 | D:5      | Found a staircase to the Ecumenical Temple.
  3783 | Temple   | Entered the Ecumenical Temple
  3811 | Temple   | Became a worshipper of Cheibriados the Contemplative
  4552 | D:5      | Reached skill level 6 in Unarmed Combat
  4554 | D:5      | Killed from afar by a white imp

Illustrated notes

Levels and vault maps discovered:
D:1:      amcnicky_arrival_feature_with_door, layout_loops_ring,
          ebering_dispersal_statue_hall, serial_bayou_pond_c
D:2:      layout_rooms
D:3:      layout_loops_cross, nicolae_nh_oracle_at_delphi
D:4:      layout_loops_cross, grunt_ministairs_15, uniq_natasha
D:5:      layout_basic, minmay_temple_entry_drinking_statues
D:6:      layout_cave_pools, lightli_sewer_entry_pipes
Temple:   nicolae_temple_bog_church

Skill      XL: |  1  2  3  4  5  6  7 |
---------------+----------------------+-----
Dodging        | 3 4 |  4.9
Unarmed Combat | 4 5 6 |  6.0
Fighting       | 2 3 |  3.5
Summonings     | 1 2 |  2.1
Shapeshifting  | 5 |  5.5
Invocations    | |  0.8

Action                     |  1- 3 |  4- 6 |  7- 9 || total
---------------------------+-------+-------+-------++-------
  Melee: Unarmed           |    53 |   201 |    37 ||   291
         Punch             |       |     4 |     3 ||     7
    Use: Potion            |     2 |     3 |       ||     5
         Scroll            |       |     3 |       ||     3
 Armour: Animal skin       |     3 |       |       ||     3
         Ring mail         |    35 |    99 |    26 ||   160
         Skin              |     5 |    17 |       ||    22
  Dodge: Dodged            |    29 |    99 |    15 ||   143

Table legend: (Time is in decaauts)
 A = Elapsed time spent in this place.
 B = Non-inter-level travel time spent in this place.
 C = Inter-level travel time spent in this place.
 D = Time resting spent in this place.
 E = Time spent auto-exploring this place.
 F = Levels seen in this place.
 G = Mean time per level.
                   A        B        C        D        E       F      G
               +--------+--------+--------+--------+--------+-----+--------+
         Total |   4668 |   4451 |    217 |    762 |   3002 |   7 |  666.9 |
       Dungeon |   4634 |   4417 |    217 |    762 |   3002 |   6 |  772.3 |
        Temple |     34 |     34 |      0 |      0 |      0 |   1 |   34.0 |
               +--------+--------+--------+--------+--------+-----+--------+

Top non-repeatable levels by time:
     D:5: 1442 daAuts
     D:4: 961 daAuts
     D:3: 953 daAuts
     D:1: 752 daAuts
     D:2: 513 daAuts
  Temple: 34 daAuts
     D:6: 11 daAuts
